 Dungeon Crawl Stone Soup version 0.31-a0-1499-ge0622b2318 (webtiles) character file.

Game seed: 10628535444028322329

1462 jasper the Magician (level 8, -7/56 HPs)
             Began as a Demonspawn Air Elementalist on Dec 29, 2023.
             Was an Initiate of Vehumet.
             Mangled by an orc warrior
             ... wielding a +0 hand axe
              (12 damage)
             ... on level 7 of the Dungeon.
             The game lasted 00:09:26 (6515 turns).

jasper the Magician (Demonspawn Air Elementalist)   Turns: 6515, Time: 00:09:27

Health: -7/56      AC:  4    Str: 14    XL:     8   Next: 48%
Magic:  5/17       EV: 16    Int: 19    God:    Vehumet [......]
Gold:   36         SH:  0    Dex: 13    Spells: 1/19 levels left

rFire   . . .        e - +1 spear (flame)
rCold   . . .        (no shield)
rNeg    . . .        (no body armour)
rPois   .            k - +0 helmet
rElec   .            t - +0 cloak
rCorr   .            o - +0 pair of gloves
SInv    .            p - +0 pair of boots
Will    .....        q - amulet of the acrobat
Stlth   ++           x - +6 ring of strength
HPRegen 0.29/turn    (no ring)
MPRegen 0.15/turn

%: repel missiles, acrobat
@: no status effects
A: repulsion field 3, demonic touch 1
a: Renounce Religion


You were on level 7 of the Dungeon.
You worshipped Vehumet.
Vehumet was noncommittal.
You visited 2 branches of the dungeon, and saw 8 of its levels.

You collected 445 gold pieces.
You spent 409 gold pieces at shops.

Inventory:

Hand Weapons
 e - a +1 spear of flaming (weapon)
 n - a +0 dagger of freezing
Missiles
 i - 10 poisoned darts
 m - 4 silver javelins
Armour
 a - a +1 robe
 c - an orb of wrath
 f - a +0 leather armour
 k - a +0 helmet (worn)
 o - a +0 pair of gloves (worn)
 p - a +0 pair of boots (worn)
 t - a +0 cloak (worn)
 B - +0 steam dragon scales
Jewellery
 h - a ring of fire
 q - an amulet of the acrobat (around neck)
 x - a +6 ring of strength (left hand)
Wands
 r - a wand of roots (1)
 s - a wand of paralysis (12)
Scrolls
 z - a scroll of enchant weapon
Potions
 b - 2 potions of magic
 d - a potion of might
 g - 10 potions of curing
 j - a potion of cancellation
 l - a potion of brilliance
 u - a potion of heal wounds
 v - a potion of berserk rage {unknown}
 w - 2 potions of enlightenment {unknown}
 A - 2 potions of invisibility


   Skills:
 + Level 2.1 Fighting
 + Level 2.8 Dodging
 - Level 1.7 Stealth
 - Level 6.0 Spellcasting
 - Level 5.0 Conjurations
 - Level 2.0 Ice Magic
 * Level 5.5 Air Magic


You had one spell level left.
You knew the following spells:

 Your Spells              Type           Power      Damage    Failure   Level
a - Shock                 Conj/Air       100%       1d9       1%          1
b - Static Discharge      Conj/Air       50%        3-6/arc   1%          2
c - Swiftness             Air            26%        N/A       3%          3
d - Mephitic Cloud        Conj/Alch/Air  19%        N/A       8%          3
e - Airstrike             Air            13%        2d(2-18)  12%         4
f - Freezing Cloud        Conj/Ice/Air   10%        6-21      50%         5

Your spell library contained the following spells:

 Spells                   Type           Power      Damage    Failure   Level
 Magic Dart               Conj           96%        1d7       1%          1
 Searing Ray              Conj           48%        2d6       2%          2
 Mercury Vapours          Alch/Air       32%        N/A       5%          2
 Fulminant Prism          Conj/Alch      7%         3d7       36%         4


Dungeon Overview and Level Annotations

Branches:
Dungeon (7/15)             Temple (1/1) D:5

Altars:
Ashenzari
Cheibriados
Dithmenos
Fedhas
Gozag
Hepliaklqana
Kikubaaqudgha
Nemelex Xobeh
Okawaru
Qazlal
Ru
Sif Muna
Uskayaw
Vehumet
Wu Jian
Xom
Yredelemnul

Shops:
D:5 (   D:6 *   D:7 !

Annotations:
D:7 Prince Ribbit


Innate Abilities, Weirdness & Mutations

You are surrounded by a strong repulsion field. (EV +4, RMsl)
Your touch may inflict minor irresistible damage on your foes.


Message History

Confirm with . or Enter, or press ? or * to list all spells.
The steam dragon is struck by an arc of lightning.
The steam dragon is heavily wounded.
You are struck by an arc of lightning.
The steam dragon is struck by an arc of lightning.
The steam dragon is severely wounded.
You are struck by an arc of lightning.
You are engulfed in a cloud of scalding steam.
* * * LOW HITPOINT WARNING * * *
The steam dragon barely misses you. The steam dragon claws you.
* * * LOW HITPOINT WARNING * * *
You take 6 damage, and have 5/55 hp.
You now have 5/17 mp.
Found a dented cabochon amulet.
You see here 8 stones.
Casting: Static Discharge (safe; 1% risk of failure)
Confirm with . or Enter, or press ? or * to list all spells.
The steam dragon is struck by an arc of lightning.
The steam dragon is almost dead.
You are struck by an arc of lightning.
* * * LOW HITPOINT WARNING * * *
The steam dragon is struck by an arc of lightning.
You kill the steam dragon!
Vehumet accepts your kill.
The steam dragon scales are intact enough to wear.
The lightning grounds out.
Your Fighting skill increases to level 2!
You take 4 damage, and have 2/56 hp.
You now have 3/17 mp.
Items here: [[ ††.
B - +0 steam dragon scales You start removing your armour.
You continue taking off your +1 robe. x4
You finish taking off your +1 robe.
An orc warrior and an orc priest come into view.
An orc comes into view. It is wielding a +0 whip.
Okay, then.
As you read the scroll of summoning, it crumbles to dust.
Wisps of shadow whirl around you...
Prince Ribbit gives a loud, deep croak!
The orc priest barely misses your ice beast.
The orc warrior hits you with a +0 hand axe!
You die...

#.....'...........#
#.....#...........#
#.....#.##..#+###.# .
#######.##..+K'.#.##..
#.....'...#'#.......
#...#####...KK......
#..##§≈§##YKK.......
##.#§§§..#K#########
###§§8."@o..#
#≈...K#......#
#≈....##.Y....# #≈.###
...o...# #≈ .o.....# #
.......# #..F....#
#....##


You could see Prince Ribbit, an orc warrior (ally target), an orc priest (ally
target), an orc, 2 friendly ice beasts, a friendly kobold brigand (summoned) and
6 friendly kobolds.

Vanquished Creatures
  2 steam dragons (D:7)
  An ice beast (D:6)
  An ogre (D:3)
  5 scorpions
  2 bombardier beetles
  2 jellies
  A hound (D:4)
  3 orc priests
  A sleepcap (D:6)
  7 iguanas
  3 orc wizards (D:6)
  Robin (D:2)
  3 adders
  A river rat (D:5)
  2 ribbon worms
  2 white imps
  2 ufetubi (D:6)
  16 orcs
  7 ball pythons
  6 endoplasms
  4 giant cockroaches
  15 goblins
  9 hobgoblins
  2 jackals (D:1)
  5 quokkas
  4 bats
  3 frilled lizards
  6 kobolds
  5 rats
121 creatures vanquished.

Notes
Turn   | Place    | Note
-------+----------+-------------------------------------------
     0 | D:1      | jasper the Demonspawn Air Elementalist began the quest for
                  | the Orb.
     0 | D:1      | Reached XP level 1. HP: 13/13 MP: 3/3
   390 | D:1      | Gained mutation: You are surrounded by a mild repulsion
                  | field. (EV +2) [demonic ancestry]
   390 | D:1      | Reached XP level 2. HP: 19/19 MP: 0/5
   393 | D:1      | Learned a level 2 spell: Static Discharge
   960 | D:2      | Found a faded altar of an unknown god.
  1023 | D:2      | Gained mutation: You are surrounded by a moderate repulsion
                  | field. (EV +3) [demonic ancestry]
  1023 | D:2      | Reached XP level 3. HP: 24/24 MP: 2/6
  1084 | D:2      | Learned a level 3 spell: Swiftness
  1212 | D:2      | Noticed Robin
  1259 | D:2      | Killed Robin
  2395 | D:3      | Reached XP level 4. HP: 30/30 MP: 2/7
  2485 | D:3      | Noticed an ogre
  2491 | D:3      | Killed an ogre
  2492 | D:3      | Gained mutation: Your touch may inflict minor irresistible
                  | damage on your foes. [demonic ancestry]
  2492 | D:3      | Reached XP level 5. HP: 30/35 MP: 0/8
  3325 | D:4      | Learned a level 3 spell: Mephitic Cloud
  3497 | D:4      | Reached skill level 3 in Spellcasting
  3501 | D:4      | Reached XP level 6. HP: 37/41 MP: 0/11
  3643 | D:4      | Reached skill level 4 in Spellcasting
  3654 | D:4      | Learned a level 4 spell: Airstrike
  4001 | D:4      | Reached skill level 5 in Spellcasting
  4156 | D:4      | Found a sparkling altar of Nemelex Xobeh.
  4245 | D:5      | Entered Level 5 of the Dungeon
  4289 | D:5      | Gained mutation: You are surrounded by a strong repulsion
                  | field. (EV +4, RMsl) [demonic ancestry]
  4289 | D:5      | Reached XP level 7. HP: 19/46 MP: 6/14
  4657 | D:5      | Found Iblisi's Antique Weapon Emporium.
  4936 | D:5      | Reached skill level 6 in Spellcasting
  4942 | D:5      | Learned a level 5 spell: Freezing Cloud
  4999 | D:5      | Found a staircase to the Ecumenical Temple.
  5342 | D:6      | Reached skill level 1 in Ice Magic
  5559 | Temple   | Entered the Ecumenical Temple
  5575 | Temple   | Became a worshipper of Vehumet
  5664 | D:6      | Found a hide-covered altar of Uskayaw.
  5682 | D:6      | Reached skill level 5 in Conjurations
  5682 | D:6      | Reached XP level 8. HP: 49/52 MP: 8/17
  5864 | D:6      | Found Hoisoegig's Assorted Antiques.
  5927 | D:6      | Bought a small bronze ring for 85 gold pieces
  6057 | D:6      | Reached skill level 1 in Fighting
  6490 | D:7      | Found Rienloh's Distillery.
  6493 | D:7      | Bought a potion of curing for 36 gold pieces
  6493 | D:7      | Bought a potion of curing for 36 gold pieces
  6493 | D:7      | Bought a potion of heal wounds for 60 gold pieces
  6493 | D:7      | Bought 2 potions of invisibility for 192 gold pieces
  6502 | D:7      | Reached skill level 5 in Air Magic
  6505 | D:7      | HP: 2/55 [/static electricity (4)]
  6511 | D:7      | Noticed Prince Ribbit
  6515 | D:7      | Mangled by an orc warrior

Illustrated notes

Levels and vault maps discovered:
D:1:      lightli_arrival_noodles, layout_rooms
D:2:      layout_basic, shapermc_ecumenical_altar_pompeii, glass_columns_c,
          minmay_door_square, uniq_robin
D:3:      layout_loops_ring
D:4:      layout_basic, nicolae_overflow_crystal_walls
D:5:      layout_basic, minmay_temple_entry_from_below_b, serial_shops, shop,
          portal_sewer_entry_e
D:6:      layout_loops_ring, amcnicky_altar_gilded, serial_shops,
          nicolae_shop_tiny_glass
D:7:      cheibrodos_steamvent, layout_gridville, enter_bailey_2, serial_shops,
          kennysheep_mini, uniq_prince_ribbit1
Temple:   hc_temple_tempest_star

Skill      XL: |  1  2  3  4  5  6  7  8 |
---------------+-------------------------+-----
Air Magic      | 3 4 5 |  5.5
Conjurations   | 2 3 5 |  5.0
Spellcasting   | 3 5 6 |  6.0
Ice Magic      | 2 |  2.0
Dodging        | 2 |  2.8
Fighting       | 2 |  2.1
Stealth        | |  1.7

Action                     |  1- 3 |  4- 6 |  7- 9 || total
---------------------------+-------+-------+-------++-------
  Melee: Spear             |    40 |    33 |       ||    73
         Touch             |       |     2 |       ||     2
   Cast: Shock             |   103 |    93 |    71 ||   267
         Static Discharge  |       |    11 |    40 ||    51
    Use: Scroll            |     7 |     4 |     3 ||    14
         Potion            |       |       |     1 ||     1
 Armour: Robe              |    23 |    33 |    67 ||   123
         Skin              |       |       |     1 ||     1
  Dodge: Dodged            |    30 |    29 |    30 ||    89
         Repelled          |       |       |     2 ||     2

Table legend: (Time is in decaauts)
 A = Elapsed time spent in this place.
 B = Non-inter-level travel time spent in this place.
 C = Inter-level travel time spent in this place.
 D = Time resting spent in this place.
 E = Time spent auto-exploring this place.
 F = Levels seen in this place.
 G = Mean time per level.
                   A        B        C        D        E       F      G
               +--------+--------+--------+--------+--------+-----+--------+
         Total |   6522 |   6351 |    171 |    326 |   5138 |   8 |  815.2 |
       Dungeon |   6489 |   6348 |    141 |    326 |   5138 |   7 |  927.0 |
        Temple |     32 |      2 |     30 |      0 |      0 |   1 |   32.0 |
               +--------+--------+--------+--------+--------+-----+--------+

Top non-repeatable levels by time:
     D:2: 1197 daAuts
     D:4: 1123 daAuts
     D:3: 1115 daAuts
     D:5: 1109 daAuts
     D:6: 1058 daAuts
     D:1: 815 daAuts
     D:7: 69 daAuts
  Temple: 32 daAuts
